 Dungeon Crawl Stone Soup version 0.29.1-15-g9cfb28693d (webtiles) character file.

Game seed: 5360755681276071174

4 HOAXBANE2 the Charlatan (level 1, 0/9 HPs)
             Began as a Spriggan Artificer on Mar 30, 2023.
             Succumbed to a kobold's poison
             ... on level 1 of the Dungeon.
             The game lasted 00:02:03 (386 turns).

HOAXBANE2 the Charlatan (Spriggan Artificer)         Turns: 386, Time: 00:02:04

Health: 0/9        AC:  2    Str:  8    XL:     1   Next: 50%
Magic:  2/2        EV: 17    Int: 12    God:
Gold:   35         SH:  0    Dex: 15    Spells: 0/0 levels left

rFire   . . .      SeeInvis +   g - +1 dagger
rCold   . . .      Faith    .   (no shield)
rNeg    . . .      Spirit   .   b - +0 robe
rPois   .          Reflect  .   (helmet restricted)
rElec   .          Harm     .   (no cloak)
rCorr   .          Rampage  .   (gloves unavailable)
Will    .....                   (boots unavailable)
Stlth   ++........              (no amulet)
HPRegen 0.03/turn               (no ring)
MPRegen 0.08/turn               (no ring)

@: lethally poisoned (0 -> -4), hasted, very quick
A: very small, no large weapons, unfitting armour, see invisible, speed 3
a: no special abilities


You were on level 1 of the Dungeon.
You visited 1 branch of the dungeon, and saw 1 of its levels.

You collected 35 gold pieces.

Inventory:

Hand Weapons
 g - a +1 dagger (weapon)
Armour
 b - a +0 robe (worn)
Wands
 c - a wand of flame (14) (quivered)
 d - a wand of charming (15)
 e - a wand of iceblast (5)
Scrolls
 j - a scroll of teleportation {unknown}


   Skills:
 + Level 0.9 Fighting
 + Level 3.3 Dodging
 + Level 1.8 Stealth
 + Level 0.3 Spellcasting
 - Level 4.0 Evocations


You couldn't memorise any spells.
You didn't know any spells.
Your spell library contained the following spells:

 Spells                   Type           Power      Damage    Failure   Level
 Sting                    Tmut/Pois      0%         1d3       32%         1
 Poisonous Vapours        Pois/Air       0%         N/A       45%         2
 Olgreb's Toxic Radiance  Pois           0%         N/A       97%         4


Dungeon Overview and Level Annotations

Branches:
Dungeon (1/15)

Altars:


Innate Abilities, Weirdness & Mutations

You are very small and have problems with some larger weapons.
You are too small for most types of armour.
You have supernaturally acute eyesight. (SInv)
You cover ground extremely quickly. (Speed+++)


Message History

The quokka is almost dead.
The quokka barely misses you.
You hit the quokka.
You kill the quokka!
You start resting.
HP restored.
You now have 29 gold pieces (gained 12).
You now have 35 gold pieces (gained 6).
A kobold comes into view. It is wielding a +2 dagger of venom.
The kobold shouts!
You closely miss the kobold.
The kobold hits you with a +2 dagger of venom.
You closely miss the kobold. The kobold closely misses you.
You closely miss the kobold.
The kobold hits you with a +2 dagger of venom.
You are lethally poisoned!
Aiming: Throw Flame
Press: ? - help, Shift-Dir - straight line, f - kobold
Aim: a kobold, wielding a +2 dagger of venom (64% to hit)
The puff of flame hits the kobold!
You kill the kobold!
You feel sick.
Unknown command.
It was a potion of haste.
You feel yourself speed up.
* * * LOW HITPOINT WARNING * * *
You feel sick.
Unknown command.
As you read the scroll labelled NEM INEEPTYNU, it crumbles to dust.
It is a scroll of enchant weapon.
Your +0 dagger glows red for a moment.
* * * LOW HITPOINT WARNING * * *
You feel sick.
Unknown command.
As you read the scroll labelled XAONAMP VAOPI, it crumbles to dust.
Wisps of shadow whirl around you...
It was a scroll of summoning.
Unknown command.
The air fills with toxic fumes!
As you read the scroll labelled GUIXESHIDA, it crumbles to dust.
It was a scroll of poison.
You die...

~≈ #.....# #.# .
#.....####.# #.
#...#.#........
#.########§#...###.#
.§§§§§§§§.##.......
#§§§§§##.##...###.
#§#####§§§§§##.##...# #.
§§§§§§S§§§§§##.##...###.
..#####@B§§§##..........
#§r§§§§§§..>.....#
###########.#.##.#
#.#.##.# #.#.##>#
#.#.##.# #.#.....
#.#..... #.#.....


You could see a friendly quokka (summoned), a friendly giant cockroach
(summoned) and a friendly ball python (summoned).

Vanquished Creatures
  A goblin (D:1)
  A quokka (D:1)
  A ball python (D:1)
  A kobold (D:1)
4 creatures vanquished.

Vanquished Creatures (others)
  A plant (D:1)
1 creature vanquished.

Grand Total: 5 creatures vanquished

Notes
Turn   | Place    | Note
-------+----------+-------------------------------------------
     0 | D:1      | HOAXBANE2 the Spriggan Artificer began the quest for the
                  | Orb.
     0 | D:1      | Reached XP level 1. HP: 9/9 MP: 2/2
   386 | D:1      | Succumbed to a kobold's poison

Illustrated notes

Levels and vault maps discovered:
D:1:      spicycebolla_arrival_clurvy, layout_loops_ring,
          hellmonk_ecumenical_altar_watching_god, chequers_serial_rivers_small_3

Action                   || total
-------------------------++-------
Melee: Dagger            ||     9
       Club              ||     3
Evoke: Wand              ||     1
  Use: Scroll            ||     3
       Potion            ||     1
 Stab: Sleeping          ||     2
Dodge: Dodged            ||     5
